 Dungeon Crawl Stone Soup version 0.26-b1-45-g23770d1d51 (webtiles) character file.

Game seed: 9993171608913583082

17265 Zeldest the Fighter (level 12, -3/110 HPs)
             Began as a Ghoul Fighter on Jan 6, 2021.
             Was a High Priest of Makhleb.
             Slain by a death yak (15 damage)
             ... on level 4 of the Lair of Beasts.
             The game lasted 00:16:44 (10572 turns).

Zeldest the Fighter (Ghoul Fighter)                Turns: 10572, Time: 00:16:45

Health: -3/110     AC: 20    Str: 25    XL:     12   Next: 46%
Magic:  16/16      EV:  9    Int:  9    God:    Makhleb [*****.]
Gold:   832        SH: 11    Dex:  8    Spells: 11/11 levels left

rFire    . . .     SeeInvis .   b - +2 war axe (venom)
rCold    + . .     Faith    .   c - +0 kite shield
rNeg     + + +     Spirit   .   k - +4 plate armour of the Devil {Will++ Regen+}
rPois    ∞         Reflect  .   C - +2 hat
rElec    .         Harm     .   (no cloak)
rCorr    .         Rampage  .   (no gloves)
Will     ++...                  n - +0 pair of boots
Stlth    ..........             (no amulet)
HPRegen  0.00/turn              j - +4 ring of evasion
MPRegen  0.15/turn              s - +6 ring of intelligence

@: no status effects
A: claws 1, cold resistance 1, negative energy resistance 3, inhibited
regeneration, torment resistance, unbreathing
a: Renounce Religion, Minor Destruction, Lesser Servant of Makhleb, Major
Destruction, Greater Servant of Makhleb


You were on level 4 of the Lair of Beasts.
You worshipped Makhleb.
Makhleb was extremely pleased with you.
You visited 2 branches of the dungeon, and saw 15 of its levels.
You also visited: Bailey.

You collected 832 gold pieces.

Inventory:

Hand Weapons
 a - a +2 war axe of flaming
 b - a +2 war axe of venom (weapon)
 t - a +0 broad axe
Armour
 c - a +0 kite shield (worn)
 k - the +4 plate armour of the Devil (worn) {Will++ Regen+}
   (You found it in a bailey)

   It affects your willpower, your defense against some magical effects.
   It increases your rate of regeneration.
 n - a +0 pair of boots (worn)
 C - a +2 hat (worn)
Jewellery
 g - a +4 ring of evasion
 j - a +4 ring of evasion (left claw)
 s - a +6 ring of intelligence (right claw)
Wands
 p - a wand of digging (5)
 x - a wand of iceblast (7)
 D - a wand of flame (11)
Scrolls
 e - 11 scrolls of remove curse
 h - 2 scrolls of teleportation
 i - 3 scrolls of immolation
 m - 4 scrolls of enchant weapon
 q - 2 scrolls of blinking
 r - 2 scrolls of amnesia
 u - 2 scrolls of noise
 y - a scroll of identify
 B - a scroll of fog {unknown}
 E - 3 scrolls of torment
 F - a scroll of fear
 G - a scroll of brand weapon {unknown}
Potions
 d - a potion of flight
 f - a potion of cancellation
 l - 5 potions of brilliance
 o - a potion of resistance {unknown}
 v - a potion of heal wounds
 w - 2 potions of curing
 z - a potion of haste
 A - 3 potions of invisibility


   Skills:
 + Level 11.4 Fighting
 * Level 11.4 Axes
 - Level 7.2 Armour
 - Level 7.0 Shields
 + Level 7.6 Invocations


You had 11 spell levels left.
You didn't know any spells.
Your spell library contained the following spells:

 Spells                   Type           Power        Failure   Level
 Animate Skeleton         Necr           0%           100%        1
 Apportation              Tloc           0%           100%        1
 Corona                   Hex            0%           100%        1
 Magic Dart               Conj           0%           100%        1
 Summon Small Mammal      Summ           0%           100%        1
 Searing Ray              Conj           0%           100%        2
 Confusing Touch          Hex            0%           100%        3
 Dazzling Flash           Conj/Hex       0%           100%        3
 Gell's Gravitas          Tloc           0%           100%        3
 Fulminant Prism          Conj/Hex       0%           100%        4
 Iskenderun's Mystic Bla  Conj/Tloc      0%           100%        4
 Petrify                  Tmut/Erth      0%           100%        4
 Metabolic Englaciation   Hex/Ice        0%           100%        5
 Yara's Violent Unravell  Hex/Tmut       0%           100%        5


Dungeon Overview and Level Annotations

Branches:
Dungeon (12/15)              Lair (2/6) D:8          Bailey (visited)
 Temple: D:4-7        Swamp: Lair:2-4    Shoals: Lair:2-4     Snake: Lair:2-4
 Spider: Lair:2-4       Orc: D:9-12

Altars:
Ashenzari
Cheibriados
Dithmenos
Makhleb
Okawaru
Qazlal
Ru
Trog
Uskayaw
Xom
Yredelemnul
Zin
The Shining One

Shops:
D:4 [


Innate Abilities, Weirdness & Mutations

You thrive by killing the living.
You are immune to poison.
You have sharp fingernails.
Your flesh is cold resistant. (rC+)
You are immune to negative energy. (rN+++)
You do not regenerate when monsters are visible.
You are immune to unholy pain and torment.
You can survive without breathing.


Message History

The death yak looks as sick as possible!
The death yak is severely wounded.
You barely miss the cane toad. You hit the death yak.
The death yak looks as sick as possible!
You hit the death yak but do no damage.
The death yak looks as sick as possible!
The death yak gores you! You block the death yak's attack.
The death yak gores you!! The cane toad stings you.
You slash the death yak!
The death yak is severely wounded.
You slash the death yak!
The death yak looks as sick as possible!
You hit the death yak.
The death yak looks as sick as possible!
You hit the cane toad. The death yak gores you!
* * * LOW HITPOINT WARNING * * *
The death yak gores you!
* * * LOW HITPOINT WARNING * * *
The death yak gores you!
You die...

############### #.##
##.##....##.#P####.#.P
......................
..................... .
..................#. #..
.....P#.####......##..##
....P.##....#P.....P...#
............##.........#
............#...@Y.#...
.....P#.#P.###.YYF.....#
........####P.....#....#
...................#.#+.
.................... ..
..................... ..
........†............. .
.......................
...............


You could see 3 death yaks and a cane toad.

Vanquished Creatures
  Gastronok (Lair:1)
  A boulder beetle (D:12)
  A deep elf mage (D:12)
  A black mamba (Lair:4)
  Maggie (D:7)
  5 cane toads
  8 komodo dragons
  A rime drake (Lair:4)
  A polar bear (Lair:4)
  2 hornets
  6 dream sheep (Lair:4)
  8 blink frogs (Lair:4)
  A shadow (D:12)
  A wyvern (D:5)
  Eustachio (D:4)
  6 yaks (Lair:4)
  4 basilisks
  4 water moccasins
  A soldier ant (D:10)
  An acid dragon (D:10)
  2 black bears
  4 sky beasts
  3 orc warriors
  2 ice beasts (D:9)
  2 phantoms
  An ogre (D:10)
  2 centaurs
  A big kobold (D:8)
  6 bullfrogs
  A water moccasin zombie (D:9)
  2 scorpions
  12 killer bees
  4 wights (D:10)
  3 howler monkeys (D:9)
  3 bullfrog zombies
  A quasit (D:7)
  2 hounds
  8 orc priests
  A jelly (D:9)
  8 orc wizards
  4 bullfrog skeletons
  A centaur skeleton (D:12)
  Jessica (D:3)
  4 iguanas
  8 worker ants
  A killer bee zombie (D:6)
  A hound zombie (D:8)
  2 hound skeletons
  2 worker ant zombies
  11 adders
  2 gnolls
  3 shadow imps
  4 white imps
  An ufetubus (D:6)
  2 adder skeletons
  2 dart slugs (D:2)
  3 worms
  5 leopard geckos
  34 orcs
  2 ball pythons
  5 giant cockroaches
  15 goblins
  12 hobgoblins
  10 jackals
  11 kobolds
  5 quokkas
  17 bats
  7 frilled lizards
  A jackal skeleton (D:6)
  14 rats
313 creatures vanquished.

Vanquished Creatures (collateral kills)
  A water moccasin (D:7)
  3 orc warriors (Bailey)
  A gnoll (Bailey)
  A hobgoblin (Bailey)
6 creatures vanquished.

Vanquished Creatures (others)
  An adder (D:12)
  3 fungi
  5 plants
9 creatures vanquished.

Grand Total: 328 creatures vanquished

Notes
Turn   | Place    | Note
-------+----------+-------------------------------------------
     0 | D:1      | Zeldest the Ghoul Fighter began the quest for the Orb.
     0 | D:1      | Reached XP level 1. HP: 19/19 MP: 0/0
    16 | D:1      | Reached XP level 2. HP: 22/26 MP: 1/1
   400 | D:1      | Reached XP level 3. HP: 33/33 MP: 2/2
   853 | D:2      | Reached XP level 4. HP: 36/40 MP: 3/3
   973 | D:2      | Noticed a centaur
   987 | D:2      | Killed a centaur
   988 | D:2      | Reached XP level 5. HP: 20/47 MP: 4/4
  1150 | D:3      | Noticed Jessica
  1157 | D:3      | Killed Jessica
  1166 | D:3      | Found a burning altar of Makhleb.
  1176 | D:3      | Became a worshipper of Makhleb the Destroyer
  1196 | D:3      | Reached XP level 6. HP: 52/53 MP: 5/5
  1968 | D:3      | Reached * piety under Makhleb
  2116 | D:4      | Noticed Eustachio
  2118 | D:4      | Noticed a phantom
  2196 | D:4      | Killed a phantom
  2197 | D:4      | Reached skill level 5 in Fighting
  2197 | D:4      | Reached XP level 7. HP: 37/61 MP: 6/6
  2197 | D:4      | Killed Eustachio
  2288 | D:4      | Found Qugos's Armour Emporium.
  2491 | D:4      | Found a glowing silver altar of Zin.
  2518 | D:4      | Found a sacrificial altar of Ru.
  2715 | D:5      | Entered Level 5 of the Dungeon
  2773 | D:5      | Reached XP level 8. HP: 32/70 MP: 7/7
  3025 | D:5      | Noticed a wyvern
  3038 | D:5      | Reached skill level 5 in Armour
  3038 | D:5      | Reached skill level 5 in Shields
  3042 | D:5      | HP: 2/70 [wyvern (4)]
  3303 | D:5      | Killed a wyvern
  3605 | D:5      | Found a broken altar of Ashenzari.
  3943 | D:5      | Reached ** piety under Makhleb
  4095 | D:6      | Noticed a wyvern
  4221 | D:6      | Got a bloodstained glaive
  4321 | D:6      | Found an iron altar of Okawaru.
  4394 | D:6      | Reached skill level 5 in Axes
  4748 | D:7      | Found a basalt altar of Yredelemnul.
  4795 | D:7      | Reached XP level 9. HP: 62/78 MP: 8/8
  5033 | D:7      | Noticed a hornet
  5050 | D:7      | Killed a hornet
  5393 | D:7      | Noticed Maggie
  5423 | D:7      | Killed Maggie
  6124 | D:8      | Found a staircase to the Lair.
  6164 | D:8      | Found a broken altar of Ashenzari.
  6204 | D:8      | Found a hide-covered altar of Uskayaw.
  6373 | D:8      | Found a stormy altar of Qazlal.
  6414 | D:8      | Reached *** piety under Makhleb
  7021 | D:9      | Found a snail-covered altar of Cheibriados.
  7021 | D:9      | Found a shadowy altar of Dithmenos.
  7021 | D:9      | Found a glowing golden altar of the Shining One.
  7213 | D:9      | Reached XP level 10. HP: 88/88 MP: 9/9
  7232 | D:9      | Found a bloodstained altar of Trog.
  7458 | D:9      | Reached **** piety under Makhleb
  7674 | D:10     | Entered Level 10 of the Dungeon
  7693 | D:10     | Found a flagged portal.
  7723 | Bailey   | Entered a bailey
  7785 | Bailey   | Got a shimmering plate armour
  7795 | Bailey   | Identified the +4 plate armour of the Devil {Will++ Regen+}
                  | (You found it in a bailey)
  7821 | Bailey   | Got a pitted scale mail
  7894 | D:10     | Found a shimmering altar of Xom.
  7907 | D:10     | Reached skill level 1 in Invocations
  7948 | D:10     | You fall into a shaft and drop 2 floors!
  8102 | D:12     | Noticed a deep elf mage
  8108 | D:12     | Noticed a boulder beetle
  8115 | D:12     | Killed a deep elf mage
  8137 | D:12     | Killed a boulder beetle
  8218 | D:12     | Reached XP level 11. HP: 97/97 MP: 12/12
  8379 | D:12     | Noticed a skeletal warrior
  8382 | D:12     | Noticed a skeletal warrior
  8424 | D:10     | Noticed a two-headed ogre
  8628 | Lair:1   | Entered Level 1 of the Lair of Beasts
  8640 | Lair:1   | Noticed Gastronok
  8879 | D:10     | Reached skill level 10 in Fighting
  9067 | D:8      | Reached skill level 5 in Invocations
  9127 | Lair:1   | Killed Gastronok
  9302 | Lair:1   | Reached skill level 10 in Axes
  9341 | Lair:1   | Reached ***** piety under Makhleb
  9901 | Lair:2   | You fall into a shaft and drop 2 floors!
  9928 | Lair:4   | Identified the +0 scale mail "Bimp" {Str-3 Int+6} (You
                  | found it in a bailey)
  9994 | Lair:4   | Reached XP level 12. HP: 96/108 MP: 15/15
 10558 | Lair:4   | Noticed a death yak
 10558 | Lair:4   | Noticed a death yak
 10559 | Lair:4   | Noticed a death yak
 10572 | Lair:4   | Slain by a death yak

Illustrated notes

Levels and vault maps discovered:
D:1:      dpeg_arrival_central, layout_loops_ring, serial_park_tiny_1,
          minmay_small_reverse_x
D:2:      layout_rooms
D:3:      minmay_diamond_boxcup, layout_basic, old_standard_altar, uniq_jessica
D:4:      layout_rooms, zin_treasury, general_overflow_altar, serial_shops,
          nicolae_shop_trees, uniq_eustachio
D:5:      layout_cave_pods, lemuel_crystal_altar, minmay_manual_monstrance
D:6:      layout_basic, okawaru_trees_2, minmay_temple_entry_junction
D:7:      layout_basic, yredelemnul_altar_generic, roderic_batcave,
          kennysheep_generic_room_15, uniq_maggie
D:8:      layout_cave_pods, kennysheep_mini_moat, grunt_qazlal_sundering,
          lair_entry_dummy, basic_altar
D:9:      layout_loops_corners, bloody_trog, grunt_temple_overflow_open
D:10:     layout_stronghold, orc_0_dummy, enter_bailey_5, basic_altar,
          minmay_variable_closet
D:11:     layout_long_grid, uniq_urug
D:12:     layout_basic, david_greed
Lair:1:   layout_gridlike, infiniplex_staircase_pool, uniq_gastronok
Lair:2:   layout_cellular_growth, nicolae_swamp_entry_splash_gauntlet,
          dummy_spider_entry, grunt_megastairs_2
Lair:4:   layout_regular_city, basic_altar

Skill      XL: |  1  2  3  4  5  6  7  8  9 10 11 12 |
---------------+-------------------------------------+-----
Axes           | 2 3 4 5 6 8 10 11 | 11.4
Armour         | 3 4 5 6 7 |  7.2
Shields        | 3 4 5 6 7 |  7.0
Fighting       | 4 5 6 8 9 10 11 | 11.4
Invocations    | 3 6 7 |  7.6

Action                   |  1- 3 |  4- 6 |  7- 9 | 10-12 || total
-------------------------+-------+-------+-------+-------++-------
Melee: War axe           |   101 |   225 |   497 |   457 ||  1280
Invok: Lesser Servant of |       |       |       |     3 ||     3
Evoke: Wand              |       |       |       |     5 ||     5
  Use: Potion            |       |     5 |     5 |     2 ||    12
       Scroll            |       |     6 |     9 |     5 ||    20
 Stab: Invisible         |       |       |     2 |       ||     2
Armor: Scale mail        |    56 |   135 |   183 |    63 ||   437
       Plate armour      |       |       |       |   224 ||   224
Dodge: Dodged            |    41 |   131 |   285 |   263 ||   720
Block: Kite shield       |    53 |   170 |   281 |   368 ||   872
